 Dungeon Crawl Stone Soup version 0.28-a0-1152-g9c71ebef14 (webtiles) character file.

Game seed: 13092158606897047441

199 ducksouse the Conjurer (level 5, -2/31 HPs)
             Began as an Octopode Conjurer on Dec 14, 2021.
             Slain by a black bear (4 damage)
             ... on level 3 of the Dungeon on Dec 15, 2021.
             The game lasted 00:16:17 (4091 turns).

ducksouse the Conjurer (Octopode Conjurer)          Turns: 4091, Time: 00:16:17

Health: -2/31      AC:  1    Str:  6    XL:     5   Next: 77%
Magic:  2/9        EV: 13    Int: 22    God:
Gold:   178        SH:  0    Dex: 11    Spells: 3/10 levels left

rFire   . . .      SeeInvis .   e - +1 falchion (vorpal)
rCold   . . .      Faith    .   (no shield)
rNeg    . . .      Spirit   .   (helmet restricted)
rPois   .          Reflect  .   (no amulet)
rElec   .          Harm     .   h - ring of willpower
rCorr   .          Rampage  .   (no ring)
Will    +....                   (no ring)
Stlth   +++.......              (no ring)
HPRegen 0.90/turn               (no ring)
MPRegen 0.11/turn               (no ring)
                                (no ring)
                                (no ring)

@: no status effects
A: almost no armour, amphibious, 8 rings, camouflage 1, gelatinous body 1,
(nimble swimmer 1), tentacles, antennae 1, sense surroundings 1, regeneration 1
a: no special abilities


You were on level 3 of the Dungeon.
You visited 1 branch of the dungeon, and saw 4 of its levels.

You collected 178 gold pieces.

Inventory:

Hand Weapons
 a - a +0 halberd
 e - a +1 vorpal falchion (weapon)
Jewellery
 h - a ring of willpower (left tentacle)
Scrolls
 g - a scroll of acquirement {unknown}
 j - a scroll of brand weapon
Potions
 c - a potion of mutation
 d - 2 potions of magic
 f - 3 potions of attraction
 i - 3 potions of curing {unknown}


   Skills:
 + Level 0.2 Fighting
 + Level 0.3 Polearms
 + Level 2.3 Dodging
 + Level 3.4 Stealth
 + Level 3.1 Spellcasting
 + Level 5.8 Conjurations


You had 3 spell levels left.
You knew the following spells:

 Your Spells              Type           Power      Damage    Failure   Level
a - Magic Dart            Conj           100%       1d8       1%          1
b - Searing Ray           Conj           58%        2d6       1%          2
c - Dazzling Flash        Conj/Hex       32%        N/A       11%         3
d - Slow                  Hex            12%        N/A       12%         1

Your spell library contained the following spells:

 Spells                   Type           Power      Damage    Failure   Level
 Shock                    Conj/Air       64%        1d7       3%          1
 Confusing Touch          Hex            3%         N/A       34%         3
 Vampiric Draining        Necr           3%         2d6       36%         3
 Fulminant Prism          Conj/Hex       8%         3d7       36%         4
 Iskenderun's Mystic Bla  Conj/Tloc      16%        2d5       36%         4


Dungeon Overview and Level Annotations

Branches:
Dungeon (4/15)
 Temple: D:4-7

Altars:

Annotations:
D:1 Terence


Innate Abilities, Weirdness & Mutations

You cannot wear most types of armour.
You are amphibious.
You can wear up to eight rings at the same time.
Your skin changes colour to match your surroundings (Stealth+).
Your rubbery body absorbs attacks. (AC +1, EV +1)
((You are camouflaged near water. (Stealth+)))
You have tentacles for arms and can constrict up to eight enemies at once.
You have a pair of small antennae on your head.
You passively map a small area around you.
Your natural rate of healing is unusually fast.


Message History

Press: ? - help, Dir - look around, f - activate The black bear bites you.
The black bear closely misses you. The black bear misses you.
There is a stone staircase leading up, spattered with blood here.
The black bear misses you. The black bear barely misses you.
The black bear claws you.
You climb upwards.
There is a stone staircase leading down here.
Casting: Dazzling Flash (quite dangerous; 11% risk of failure)
Confirm with . or Enter, or press ? or * to list all spells.
Aiming: Searing Ray (safe; 1% risk of failure)
Press: ? - help, Shift-Dir - straight line, f - black bear
Aim: a black bear (lightly wounded, 85% to hit)
The searing ray hits the black bear!
The black bear is heavily wounded. (Press . to maintain the ray.)
The black bear bites you. The black bear closely misses you.
The black bear completely misses you.
The searing ray misses the black bear.
The black bear bites you. The black bear barely misses you.
The black bear claws you.
The searing ray hits the black bear.
The black bear is heavily wounded.
The black bear bites you. The black bear claws you.
The black bear claws you but does no damage.
The searing ray hits the black bear.
The black bear is severely wounded.
You finish channelling your searing ray.
The black bear bites you! The black bear misses you. The black bear claws you.
* * * LOW HITPOINT WARNING * * *
The black bear bites you but does no damage.
The black bear claws you.
* * * LOW HITPOINT WARNING * * *
The black bear claws you.
* * * LOW HITPOINT WARNING * * *
As you read the scroll labelled GOKHOTH APNAA, it crumbles to dust.
Wisps of shadow whirl around you...
It was a scroll of summoning.
The black bear bites you.
* * * LOW HITPOINT WARNING * * *
The black bear claws you.
You die...

## ###### .# #..... .# #######
###########..... .#######.....#
#.........#..... .....#.......#
#.........#..... .......#.....#
###.........#..... ####.######.##
#.w....))......... # #........#
#@#.........#..... # #.######.#
#h#.........###### # #..# #.#
#r###############. ####..# ###
#.# #........... #.....## #.#
#...........
#.##...#########.#####...........
.................................
........#.######.#####...[......#
........#.# #.# #..........#


You could see a black bear (ally target), a friendly dart slug (summoned) and a
friendly quokka (summoned).

Vanquished Creatures
  An ogre (D:4)
  An iguana (D:3)
  2 adders
  2 dart slugs
  4 orcs (D:3)
  7 ball pythons
  10 endoplasms
  A giant cockroach (D:3)
  5 goblins
  3 hobgoblins
  4 jackals (D:2)
  3 quokkas
  5 bats
  A frilled lizard (D:1)
  4 kobolds
  A rat (D:2)
54 creatures vanquished.

Vanquished Creatures (others)
  7 fungi
7 creatures vanquished.

Grand Total: 61 creatures vanquished

Notes
Turn   | Place    | Note
-------+----------+-------------------------------------------
     0 | D:1      | ducksouse the Octopode Conjurer began the quest for the
                  | Orb.
     0 | D:1      | Reached XP level 1. HP: 11/11 MP: 3/3
   208 | D:1      | Reached XP level 2. HP: 15/17 MP: 1/5
   246 | D:1      | Learned a level 2 spell: Searing Ray
   890 | D:2      | Noticed Terence
  1045 | D:2      | Reached XP level 3. HP: 16/21 MP: 2/6
  1305 | D:2      | Found a faded altar of an unknown god.
  1312 | D:2      | Got Plato's Guide on Flight
  1317 | D:2      | Learned a level 3 spell: Dazzling Flash
  1519 | D:2      | Reached skill level 5 in Conjurations
  2457 | D:3      | Gained mutation: Your natural rate of healing is unusually
                  | fast. [potion of mutation]
  2457 | D:3      | Gained mutation: You passively map a small area around you.
                  | [potion of mutation]
  2457 | D:3      | Gained mutation: You have a pair of small antennae on your
                  | head. [potion of mutation]
  2770 | D:3      | Reached XP level 4. HP: 27/27 MP: 3/7
  3530 | D:4      | Noticed an ogre
  3535 | D:4      | Killed an ogre
  3536 | D:4      | Reached XP level 5. HP: 31/31 MP: 1/9
  3700 | D:4      | Noticed a black bear
  3703 | D:4      | Learned a level 1 spell: Slow
  4091 | D:3      | Slain by a black bear

Illustrated notes

Levels and vault maps discovered:
D:1:      pf_arrival_petrified_forest, layout_loops_cross
D:2:      layout_loops_ring, shapermc_ecumenical_altar_rom_forum, uniq_terence
D:3:      layout_basic, kennysheep_path_1, minmay_shallow_snake_nest
D:4:      layout_cave_pools

Skill      XL: |  1  2  3  4  5 |
---------------+----------------+-----
Stealth        | 3 |  3.4
Conjurations   | 5 |  5.8
Spellcasting   | 3 |  3.1
Fighting       | |  0.2
Polearms       | |  0.3
Dodging        | |  2.3

Action                   |  1- 3 |  4- 6 || total
-------------------------+-------+-------++-------
Melee: Unarmed           |     2 |       ||     2
       Tentacles         |     1 |     2 ||     3
       Halberd           |     4 |       ||     4
       Falchion          |       |    10 ||    10
       Constrict         |       |     4 ||     4
 Cast: Magic Dart        |    70 |    37 ||   107
       Searing Ray       |     3 |     4 ||     7
       Slow              |       |     3 ||     3
       Dazzling Flash    |       |     1 ||     1
  Use: Scroll            |     8 |     1 ||     9
       Potion            |     1 |       ||     1
Armor: Skin              |     1 |     2 ||     3
Dodge: Dodged            |    13 |    30 ||    43

Table legend: (Time is in decaauts)
 A = Elapsed time spent in this place.
 B = Non-inter-level travel time spent in this place.
 C = Inter-level travel time spent in this place.
 D = Time resting spent in this place.
 E = Time spent auto-exploring this place.
 F = Levels seen in this place.
 G = Mean time per level.
                   A        B        C        D        E       F      G
               +--------+--------+--------+--------+--------+-----+--------+
         Total |   4100 |   3671 |    429 |    609 |   1648 |   4 | 1025.0 |
       Dungeon |   4100 |   3671 |    429 |    609 |   1648 |   4 | 1025.0 |
               +--------+--------+--------+--------+--------+-----+--------+

Top non-repeatable levels by time:
     D:3: 1715 daAuts
     D:2: 1306 daAuts
     D:1: 1040 daAuts
     D:4: 38 daAuts
